 Dungeon Crawl Stone Soup version 0.23.2-33-g5129a83184 (webtiles) character file.

Game seed: 16649506694052785041

502 DorianNounverber the Thaumaturge (level 6, -4/32 HPs)
             Began as a Deep Elf Wizard on July 6, 2019.
             Killed from afar by Dowan (8 damage)
             ... with a stone arrow
             ... on level 4 of the Dungeon on July 7, 2019.
             The game lasted 00:19:10 (4120 turns).

DorianNounverber the Thaumaturge (Deep Elf Wizard)  Turns: 4120, Time: 00:19:11

Health: -4/32      AC:  6    Str:  4    XL:     6   Next: 95%
Magic:  5/19       EV: 13    Int: 25    God:
Gold:   119        SH:  0    Dex: 13    Spells: 20/21 levels left

rFire    + + .     SeeInvis .   x - +0 dagger (venom)
rCold    . . .     Gourm    .   (no shield)
rNeg     . . .     Faith    .   y - +2 robe {rC+ rF+}
rPois    .         Spirit   .   z - +2 hat
rElec    .         Reflect  .   (no cloak)
rCorr    .         Harm     .   (no gloves)
MR       .....                  (no boots)
Stlth    +++.......             (no amulet)
HPRegen  0.10/turn              r - ring of fire
MPRegen  0.16/turn              s - ring of stealth

@: no status effects
A: no striking features
a: no special abilities


You were on level 4 of the Dungeon.
You were not hungry.

You visited 1 branch of the dungeon, and saw 4 of its levels.

You collected 119 gold pieces.

Inventory:

Hand Weapons
 l - a +0 spear
 t - a +0 hunting sling
 v - a +1 hand axe of electrocution
 x - a +0 dagger of venom (weapon)
 A - a +0 dagger
Missiles
 h - 82 stones (quivered)
 m - 68 sling bullets
 o - 17 arrows
 q - 9 poisoned needles
 w - 2 poisoned tomahawks
Armour
 a - a +0 robe
 b - a +0 hat
 c - a +0 robe
 f - a +0 robe
 y - a +2 robe of resistance (worn)
 z - a +2 hat (worn)
Jewellery
 r - a ring of fire (left hand)
 s - a ring of stealth (right hand)
Scrolls
 k - 2 scrolls of identify {unknown}
 n - 3 scrolls of immolation {unknown}
 p - 2 scrolls of remove curse
 u - a scroll of amnesia {unknown}
Potions
 e - a potion of haste {unknown}
 g - 2 potions of agility {unknown}
 i - 4 potions of curing {unknown}
 j - a potion of might {unknown}
 B - a potion of berserk rage {unknown}
 C - a potion of heal wounds {unknown}
 D - 2 potions of mutation {unknown}
Comestibles
 d - 5 rations


   Skills:
 + Level 0.3 Fighting
 + Level 3.1 Dodging
 + Level 2.9 Stealth
 * Level 8.1 Spellcasting
 * Level 5.0 Conjurations
   Level 1.1 Summonings
   Level 1.1 Translocations


You had 20 spell levels left.
You knew the following spells:

 Your Spells              Type           Power        Failure   Level  Hunger
a - Magic Dart            Conj           ####         1%          1    None

Your spell library contained the following spells:

 Spells                   Type           Power        Failure   Level  Hunger
 Blink                    Tloc           N/A          6%          2    None
 Call Imp                 Summ           ###.....     6%          2    None
 Conjure Flame            Conj/Fire      ####....     6%          3    None
 Slow                     Hex            ##......     9%          2    None
 Mephitic Cloud           Conj/Pois/Air  ###.....     9%          3    None


Dungeon Overview and Level Annotations

Branches:
Dungeon (4/15)
 Temple: D:4-7

Altars:

Annotations:
D:4 Dowan


Message History

You feel blessed for a moment.
It was a scroll of remove curse.
Duvessa hits you with a +0 short sword.
* * * LOW HITPOINT WARNING * * *
There is an open door here.
Dowan casts a spell.
Dowan blinks!
Dowan mumbles some strange words.
Dowan blinks!
You kill Duvessa!
Dowan seems overcome with grief, but rights himself reflexively soon after.
Dowan seems to find hidden reserves of power!
Your Spellcasting skill increases to level 8!
Your Conjurations skill increases to level 5!
You hit Dowan.
Dowan is poisoned.
Dowan is lightly wounded.
Dowan hits you with a +0 dagger.
* * * LOW HITPOINT WARNING * * *
Dowan gestures at you while chanting. The stone arrow hits you!
You die...

............#
#.# #.#
#####'######
#..........#
#..........#
#......)...#
#.......e..#
#........@.###
#............#
#..........#รท#
#..........#.#
#..........#.#
#..........#.#
############.#
#># #.# ###


You could see Dowan.

Vanquished Creatures
  Duvessa (D:4)
  An ogre (D:3)
  A howler monkey (D:4)
  A hound (D:4)
  2 orc wizards
  An iguana (D:4)
  7 adders
  3 oozes
  A worm (D:2)
  2 dart slugs
  10 orcs
  4 bats
  4 giant cockroaches (D:1)
  9 goblins
  10 hobgoblins
  6 jackals
  6 kobolds
  A quokka (D:2)
  A ball python (D:1)
  4 frilled lizards
  6 rats
81 creatures vanquished.

Notes
Turn   | Place    | Note
-------+----------+-------------------------------------------
     0 | D:1      | DorianNounverber the Deep Elf Wizard began the quest for
                  | the Orb.
     0 | D:1      | Reached XP level 1. HP: 10/10 MP: 7/7
   234 | D:1      | Reached skill level 5 in Spellcasting
   234 | D:1      | Reached XP level 2. HP: 15/15 MP: 6/10
   930 | D:1      | Reached XP level 3. HP: 19/19 MP: 9/11
  1892 | D:2      | Reached skill level 6 in Spellcasting
  2062 | D:2      | Reached XP level 4. HP: 24/24 MP: 12/14
  2734 | D:3      | Noticed an ogre
  2772 | D:3      | Killed an ogre
  2772 | D:3      | Reached XP level 5. HP: 28/28 MP: 4/16
  3592 | D:4      | Reached skill level 7 in Spellcasting
  3592 | D:4      | Reached XP level 6. HP: 32/32 MP: 12/18
  4096 | D:4      | Noticed Duvessa
  4102 | D:4      | Noticed Dowan
  4118 | D:4      | Killed Duvessa
  4118 | D:4      | Reached skill level 8 in Spellcasting
  4118 | D:4      | Reached skill level 5 in Conjurations
  4120 | D:4      | Killed from afar by Dowan

Skill      XL: |  1  2  3  4  5  6 |
---------------+-------------------+-----
Spellcasting   | 5 6 7 8 |  8.1
Conjurations   | 2 3 4 5 |  5.0
Dodging        | 3 |  3.1
Fighting       | |  0.3
Stealth        | |  2.9
Summonings     | |  1.1
Translocations | |  1.1

Action                   |  1- 3 |  4- 6 || total
-------------------------+-------+-------++-------
Melee: Dagger            |       |     2 ||     2
 Cast: Magic Dart        |   116 |   143 ||   259
  Use: Scroll            |       |     1 ||     1
  Eat: Ration            |     1 |     1 ||     2
       Chunk             |       |     3 ||     3
Armor: Robe              |     3 |     3 ||     6
Dodge: Dodged            |     8 |    23 ||    31
